 Dungeon Crawl Stone Soup version 0.29-a0-982-gaed3a0c8d8 (webtiles) character file.

Game seed: 9237783531526693319

21 MisterAzrael the Caller (level 2, -1/15 HPs)
             Began as a Deep Elf Summoner on Aug 2, 2022.
             Slain by a jackal (2 damage)
             ... on level 1 of the Dungeon.
             The game lasted 00:01:37 (1131 turns).

MisterAzrael the Caller (Deep Elf Summoner)         Turns: 1131, Time: 00:01:37

Health: -1/15      AC:  2    Str:  5    XL:     2   Next: 62%
Magic:  6/8        EV: 12    Int: 19    God:
Gold:   30         SH:  0    Dex: 15    Spells: 5/8 levels left

rFire   . . .      SeeInvis .   (no weapon)
rCold   . . .      Faith    .   (no shield)
rNeg    . . .      Spirit   .   a - +0 robe
rPois   .          Reflect  .   (no helmet)
rElec   .          Harm     .   (no cloak)
rCorr   .          Rampage  .   (no gloves)
Will    .....                   (no boots)
Stlth   ++........              (no amulet)
HPRegen 0.05/turn               (no ring)
MPRegen 0.11/turn               (no ring)

@: weak-willed
A: no striking features
a: no special abilities


You were on level 1 of the Dungeon.
You visited 1 branch of the dungeon, and saw 2 of its levels.

You collected 30 gold pieces.

Inventory:

Armour
 a - a +0 robe (worn)
Potions
 b - a potion of magic


   Skills:
 - Level 2.4 Dodging
 - Level 2.4 Stealth
 + Level 3.5 Spellcasting
 * Level 5.0 Summonings


You had 5 spell levels left.
You knew the following spells:

 Your Spells              Type           Power      Damage    Failure   Level
a - Summon Small Mammal   Summ           88%        N/A       1%          1
b - Call Imp              Summ           22%        N/A       2%          2

Your spell library contained the following spells:

 Spells                   Type           Power      Damage    Failure   Level
 Call Canine Familiar     Summ           22%        N/A       5%          3
 Summon Guardian Golem    Hex/Summ       12%        N/A       16%         3
 Blink                    Tloc           6%         N/A       22%         2
 Summon Lightning Spire   Summ/Air       12%        N/A       45%         4
 Manifold Assault         Tloc           3%         N/A       99%         5
 Storm Form               Tmut/Air       1%         N/A       100%        7


Dungeon Overview and Level Annotations

Branches:
Dungeon (2/15)

Altars:

Shops:
D:1 :


Message History

Your quokka bites the jackal but does no damage.
The rat bites you.
Your bat closely misses the jackal.
The jackal bites your quokka. The jackal misses you.
Your quokka bites the jackal.
The rat misses you. The jackal closely misses you.
The jackal bites your quokka but does no damage.
Your bat disappears in a puff of smoke!
Your quokka closely misses the jackal.
The jackal bites your quokka but does no damage.
The jackal barely misses you. x2; The rat bites you.
You barely miss the rat.
Your quokka bites the jackal but does no damage.
The jackal bites your quokka. The jackal misses you. The jackal bites you.
The rat bites you.
Your quokka closely misses the jackal.
You closely miss the rat. The jackal bites your quokka. The jackal bites you.
The jackal closely misses you.
Your quokka misses the jackal.
Your quokka bites the jackal.
The jackal dies!
The jackal barely misses you. The jackal closely misses you. The rat bites you.
Your quokka barely misses the jackal.
The jackal bites you.
* * * LOW HITPOINT WARNING * * *
The jackal closely misses you.
Your quokka misses the jackal. The rat bites you.
* * * LOW HITPOINT WARNING * * *
You climb upwards.
Your summoned allies are left behind.
There is a stone staircase leading down here.
Okay, then.
As you read the scroll labelled KACSIV WELO, it crumbles to dust.
Magic quickly surges around you.
It was a scroll of vulnerability.
The jackal barely misses you. The rat bites you but does no damage.
The jackal completely misses you.
As you read the scroll labelled VAANONESAQ, it crumbles to dust.
You feel a surge of unholy energy.
The jackal convulses!
It was a scroll of torment.
The jackal bites you but does no damage.
The rat barely misses you.
The jackal bites you but does no damage.
The rat closely misses you. The jackal bites you.
You die...

####.###########.#
.###.# #.# ..##.# #.#
..##.##### #.#
.........## #.#
#.##.##...## #.###
#..........# #...#
####.##....#######.##
..(..###.#.#..hh@r..#
####.# #.#.#.#####..#
.....# #.#.#.# #..#
####.###.#.#.# #).#
.............#####..#
####................#
# #.###...._.......#
####.........####.#.#
.[.......#[..# #.#.#


You could see 2 jackals and a rat (weak-willed).

Vanquished Creatures (collateral kills)
  A ball python (D:1)
  An endoplasm (D:1)
  A goblin (D:1)
  2 hobgoblins (D:1)
  4 jackals
  2 kobolds (D:1)
  2 bats (D:1)
  2 frilled lizards (D:1)
  3 rats (D:1)
18 creatures vanquished.

Notes
Turn   | Place    | Note
-------+----------+-------------------------------------------
     0 | D:1      | MisterAzrael the Deep Elf Summoner began the quest for the
                  | Orb.
     0 | D:1      | Reached XP level 1. HP: 10/10 MP: 6/6
   436 | D:1      | Reached XP level 2. HP: 13/15 MP: 5/8
   439 | D:1      | Learned a level 2 spell: Call Imp
   485 | D:1      | Found a faded altar of an unknown god.
   740 | D:1      | Found Gumm's Book Shoppe.
   857 | D:1      | Reached skill level 5 in Summonings
  1131 | D:1      | Slain by a jackal

Illustrated notes

Levels and vault maps discovered:
D:1:      lightli_arrival_noodles, layout_loops_ring, serial_shops, shop,
          basic_ecumenical_altar
D:2:      minmay_general_purpose_star, layout_rooms, basic_altar, uniq_terence,
          uniq_robin

Skill      XL: |  1  2 |
---------------+-------+-----
Summonings     | 5 |  5.0
Dodging        | |  2.4
Stealth        | |  2.4
Spellcasting   | |  3.5

Action                   || total
-------------------------++-------
Melee: Unarmed           ||     3
 Cast: Summon Small Mamm ||    25
       Call Imp          ||     3
  Use: Scroll            ||     2
Armor: Robe              ||    10
Dodge: Dodged            ||    42

Table legend: (Time is in decaauts)
 A = Elapsed time spent in this place.
 B = Non-inter-level travel time spent in this place.
 C = Inter-level travel time spent in this place.
 D = Time resting spent in this place.
 E = Time spent auto-exploring this place.
 F = Levels seen in this place.
 G = Mean time per level.
                   A        B        C        D        E       F      G
               +--------+--------+--------+--------+--------+-----+--------+
         Total |   1131 |   1094 |     37 |      0 |    914 |   2 |  565.5 |
       Dungeon |   1131 |   1094 |     37 |      0 |    914 |   2 |  565.5 |
               +--------+--------+--------+--------+--------+-----+--------+

Top non-repeatable levels by time:
     D:1: 1121 daAuts
     D:2: 9 daAuts
